 Dungeon Crawl Stone Soup version 0.29.1-15-g9cfb28693d (webtiles) character file.

Game seed: 5408875147786590561

2074 squidlow the Protected (level 9, -8/79 HPs)
             Began as a Minotaur Berserker on Feb 21, 2023.
             Was a Believer of Trog.
             Killed by divine providence
             ... invoked by an orc priest
              (13 damage)
             ... on level 6 of the Dungeon.
             The game lasted 00:57:17 (6265 turns).

squidlow the Protected (Minotaur Berserker)         Turns: 6265, Time: 00:57:18

Health: -8/79      AC: 14    Str: 27    XL:     9   Next: 6%
Magic:  17/17      EV: 10    Int:  4    God:    Trog [**....]
Gold:   257        SH:  0    Dex: 15    Spells: 8/8 levels left

rFire   . . .      SeeInvis .   o - +7 falchion "Suuck" {freeze, *Rage MP+9 Str+6}
rCold   . . .      Faith    .   (no shield)
rNeg    . . .      Spirit   .   e - +0 chain mail
rPois   .          Reflect  .   (helmet restricted)
rElec   .          Harm     .   u - +0 cloak
rCorr   .          Rampage  .   (no gloves)
Will    .....      Rage     20% N - +0 pair of boots
Stlth   ..........              (no amulet)
HPRegen 0.23/turn               (no ring)
MPRegen 0.15/turn               (no ring)

@: on berserk cooldown, slowed, very slow
A: horns 2, retaliatory headbutt
a: Renounce Religion, Berserk, Trog's Hand


You were on level 6 of the Dungeon.
You worshipped Trog.
Trog was pleased with you.
You visited 2 branches of the dungeon, and saw 7 of its levels.

You collected 257 gold pieces.

Inventory:

Hand Weapons
 a - a +0 hand axe
 c - a +0 flail
 h - a +0 dagger
 l - a +0 scythe
 n - a +0 dagger
 o - the +7 falchion "Suuck" (weapon) {freeze, *Rage MP+9 Str+6}
   (You took it off a kobold on level 2 of the Dungeon)

   It freezes those it strikes, dealing additional cold damage.
   It can also slow down cold-blooded creatures.
   Str:       It affects your strength (+6).
   MP:        It affects your magic capacity (+9).
   *Rage:     It berserks you when you make melee attacks (+20% chance).
 x - a +0 sling
 y - a +1 flail of holy wrath
 A - a +0 whip of electrocution
 B - a +0 vorpal long sword
 J - a +1 dagger of venom
 K - a +1 whip of draining
 L - a +0 giant spiked club
 S - a +4 morningstar
Missiles
 d - 14 poisoned darts (quivered)
 p - 5 curare-tipped darts
 q - 6 boomerangs
Armour
 b - a +0 animal skin
 e - a +0 chain mail (worn)
 g - a +0 ring mail
 k - a +0 scale mail
 u - a +0 cloak (worn)
 v - a +1 ring mail of fire resistance
 D - a +2 robe of willpower
 I - a +2 robe of positive energy
 N - a +0 pair of boots (worn)
 Q - a +2 robe of resistance
Wands
 F - a wand of paralysis (11)
Scrolls
 f - a scroll of poison
 i - a scroll of amnesia
 j - a scroll of acquirement {unknown}
 m - 3 scrolls of identify
 s - a scroll of immolation {unknown}
 w - 2 scrolls of teleportation {unknown}
 C - a scroll of blinking {unknown}
 G - a scroll of enchant armour {unknown}
 M - a scroll of enchant weapon {unknown}
 O - a scroll of fear
 P - 2 scrolls of brand weapon {unknown}
Potions
 r - a potion of attraction {unknown}
 t - 2 potions of lignification {unknown}
 z - a potion of ambrosia {unknown}
 E - a potion of brilliance


   Skills:
 + Level 7.4 Fighting
 + Level 7.0 Long Blades
 + Level 6.2 Axes
 + Level 8.8 Armour
 + Level 3.2 Dodging
 + Level 1.3 Stealth


You had 8 spell levels left.
You didn't know any spells.
Your spell library contained the following spells:

 Spells                   Type           Power      Damage    Failure   Level
 Ensorcelled Hibernation  Hex/Ice        0%         N/A       99%         2
 Passwall                 Tmut/Erth      0%         N/A       99%         2
 Scorch                   Fire           0%         2d5       99%         2
 Inner Flame              Hex/Fire       0%         N/A       100%        3
 Spider Form              Tmut/Pois      0%         N/A       100%        3
 Swiftness                Air            0%         N/A       100%        3
 Anguish                  Hex/Necr       0%         N/A       100%        4
 Cause Fear               Hex            0%         N/A       100%        4
 Flame Wave               Conj/Fire      0%         2d4       100%        4
 Summon Cactus Giant      Summ           0%         N/A       100%        6
 Discord                  Hex            0%         N/A       100%        8


Dungeon Overview and Level Annotations

Branches:
Dungeon (6/15)             Temple (1/1) D:4

Altars:
Ashenzari
Cheibriados
Dithmenos
Elyvilon
Fedhas
Gozag
Hepliaklqana
Kikubaaqudgha
Makhleb
Nemelex Xobeh
Okawaru
Ru
Sif Muna
Uskayaw
Vehumet
Wu Jian
Yredelemnul
Zin
The Shining One


Innate Abilities, Weirdness & Mutations

You have a pair of horns on your head.
You reflexively headbutt those who attack you in melee.


Message History

The boulder beetle bites you!
The orc priest calls down the wrath of Beogh upon you.
Beogh smites you! The orc closely misses you.
An orc comes into view. It is wielding a +0 war axe.
The boulder beetle barely misses you. You furiously retaliate!
You headbutt the boulder beetle, but do no damage.
You hear an angry hiss.
You hit the boulder beetle but do no damage.
The boulder beetle is lightly wounded.
The boulder beetle bites you!
You hit the boulder beetle but do no damage.
The boulder beetle is lightly wounded.
The orc barely misses you. The boulder beetle bites you!!
* * * LOW HITPOINT WARNING * * *
You feel better. The boulder beetle bites you.
* * * LOW HITPOINT WARNING * * *
The orc hits you but does no damage. The boulder beetle bites you!
* * * LOW HITPOINT WARNING * * *
The orc closely misses you.
It was a potion of magic.
Magic courses through your body. The orc hits you but does no damage.
The boulder beetle barely misses you. You furiously retaliate!
You headbutt the boulder beetle!
You hit the boulder beetle but do no damage.
You headbutt the boulder beetle, but do no damage.
The boulder beetle is lightly wounded.
The boulder beetle barely misses you.
The orc priest calls down the wrath of Beogh upon you.
You struggle to resist.
The orc hits you but does no damage.
The orc priest hits you but does no damage.
The orc barely misses you.
The boulder beetle bites you but does no damage.
The orc priest attacks as you move away!
The orc priest hits you but does no damage.
The boulder beetle leaps!
You slash the orc! You freeze the orc.
You kill the orc!
Trog accepts your kill.
The orc priest calls down the wrath of Beogh upon you.
Beogh smites you!
You die...

#..#..# # ##.#.## ... ...
#### #.#.# #'# ... ...#
#...# ##.##.^#
##.####.#########...#.# #
#....#.#...<##.....B.##.#
####.#.#.##.#............
#.#)#.......##o...####
#.#.#.......@o........
.####...........[##..######
...........#..>...)).......
...........#####.####......
...........# #.# ......
########..... ... .....
#####.##..## .... .#..##
.... #.# .


You could see a boulder beetle, an orc priest and an orc.

Vanquished Creatures
  Pikel (D:5)
  Sigmund (D:2)
  Duvessa (D:6)
  An ice beast (D:6)
  A black bear (D:4)
  2 ogres (D:6)
  A lemure (D:5)
  Blork the orc (D:5)
  A necrophage (D:6)
  3 scorpions
  2 wights (D:6)
  Dowan (D:6)
  A howler monkey (D:6)
  3 jellies
  A gnoll bouda (D:6)
  A hound (D:5)
  3 orc priests (D:6)
  An iguana (D:6)
  2 orc wizards (D:6)
  4 gnolls (D:6)
  8 adders
  A shadow imp (D:5)
  A white imp (D:6)
  An ufetubus (D:4)
  A worm (D:2)
  2 dart slugs
  11 orcs
  5 ball pythons
  3 endoplasms (D:3)
  3 giant cockroaches
  2 goblins
  4 hobgoblins
  2 quokkas
  2 bats (D:2)
  5 frilled lizards
  3 kobolds
  5 rats
91 creatures vanquished.

Notes
Turn   | Place    | Note
-------+----------+-------------------------------------------
     0 | D:1      | squidlow the Minotaur Berserker began the quest for the
                  | Orb.
     0 | D:1      | Reached XP level 1. HP: 19/19 MP: 0/0
   316 | D:1      | Reached XP level 2. HP: 27/27 MP: 1/1
   341 | D:1      | You fall into a shaft and drop 1 floor!
  1251 | D:2      | Reached XP level 3. HP: 33/33 MP: 2/2
  1486 | D:2      | Noticed Sigmund
  1497 | D:2      | Killed Sigmund
  1498 | D:2      | Reached skill level 5 in Fighting
  1498 | D:2      | Reached skill level 5 in Axes
  1498 | D:2      | Reached skill level 3 in Armour
  1498 | D:2      | Reached XP level 4. HP: 42/42 MP: 3/3
  1498 | D:2      | Reached XP level 5. HP: 48/48 MP: 4/4
  2104 | D:2      | Identified the +7 falchion "Suuck" {freeze, *Rage MP+9
                  | Str+6}
  2114 | D:2      | HP: 3/72 [kobold/the +7 falchion "Suuck" {freeze, *Rage
                  | MP+9 Str+6} (12)]
  3057 | D:5      | Entered Level 5 of the Dungeon
  3179 | D:4      | Found a staircase to the Ecumenical Temple.
  3253 | Temple   | Entered the Ecumenical Temple
  4127 | D:4      | Noticed a black bear
  4131 | D:4      | Killed a black bear
  4132 | D:4      | Reached skill level 1 in Long Blades
  4132 | D:4      | Reached skill level 4 in Armour
  4132 | D:4      | Reached XP level 6. HP: 56/56 MP: 5/5
  4981 | D:5      | Noticed Pikel
  5008 | D:5      | Killed Pikel
  5009 | D:5      | Reached skill level 6 in Armour
  5009 | D:5      | Reached XP level 7. HP: 12/63 MP: 6/6
  5423 | D:5      | Noticed Blork the orc
  5432 | D:5      | Killed Blork the orc
  5433 | D:5      | Reached XP level 8. HP: 70/70 MP: 7/7
  5689 | D:6      | Reached skill level 5 in Long Blades
  5689 | D:6      | Reached skill level 7 in Armour
  5689 | D:6      | Reached skill level 1 in Stealth
  6017 | D:6      | Upgraded the game from 0.29.1-14-g9c671dbff4 to
                  | 0.29.1-15-g9cfb28693d
  6039 | D:6      | Found a glowing golden altar of the Shining One.
  6148 | D:6      | Reached skill level 8 in Armour
  6222 | D:6      | Noticed Duvessa
  6222 | D:6      | Noticed Dowan
  6228 | D:6      | Killed Duvessa
  6230 | D:6      | Killed Dowan
  6238 | D:6      | Reached ** piety under Trog
  6239 | D:6      | Reached XP level 9. HP: 79/79 MP: 8/8
  6247 | D:6      | Noticed a boulder beetle
  6265 | D:6      | Killed from afar by an orc priest

Illustrated notes

Levels and vault maps discovered:
D:1:      psy_arrival_terrarium, layout_loops_corners, serial_glass,
          glass_columns_a, glass_columns_a, minmay_strange_pillars,
          item_on_display_a, shapermc_ecumenical_altar_ellora,
          skrybe_limestone_x, hangedman_decor_diamond_cutter,
          minmay_misc_feat_iff, minmay_misc_feat_room, dk_noncrumbling_2
D:2:      layout_loops_ring, minmay_misc_feat_alley, nrook_mini_backslash,
          chequers_jeans, uniq_sigmund
D:3:      layout_basic, nrook_loot_triangle
D:4:      layout_loops_corners, temple_doors_e
D:5:      layout_cave_pods, minmay_crystal_room, uniq_pikel, uniq_blork_the_orc
D:6:      minmay_general_purpose_star, layout_basic, kennysheep_little_box,
          minmay_manual_moon, uniq_duvessa
Temple:   mainiacjoe_temple_bowtie_tessellation

Skill      XL: |  1  2  3  4  5  6  7  8  9 |
---------------+----------------------------+-----
Axes           | 4 5 6 |  6.2
Fighting       | 4 5 6 7 |  7.4
Armour         | 3 4 6 8 |  8.8
Long Blades    | 1 4 6 7 |  7.0
Dodging        | 3 |  3.2
Stealth        | 1 |  1.3

Action                   |  1- 3 |  4- 6 |  7- 9 || total
-------------------------+-------+-------+-------++-------
Melee: Hand axe          |    41 |    28 |       ||    69
       Headbutt          |    11 |    11 |    14 ||    36
       Falchion          |       |    46 |    75 ||   121
       Punch             |       |     1 |       ||     1
Invok: Berserk           |     2 |     8 |     2 ||    12
  Use: Potion            |     1 |     2 |     4 ||     7
       Scroll            |       |     3 |       ||     3
Armor: Chain mail        |     9 |    37 |    31 ||    77
       Animal skin       |     1 |       |       ||     1
Dodge: Dodged            |    14 |    34 |    37 ||    85
